[Event "Titled Tuesday Blitz August 1 Early 2023"]
[White "Gutkin, Ilya"]
[Black "Fernandez Siles, Luis"]
[WhiteFideId "16203470"]
[BlackFideId "2209420"]
[WhiteElo "2493"]
[BlackElo "2290"]
[Result "1-0"]
[Round "5"]
[TimeControl "180+1"]
[Date "2023.08.01"]
[WhiteClock "0:00:52"]
[BlackClock "0:00:00"]
[Board "192"]

1. e4 c5 2. Nf3 Nc6 3. Bb5 g6 4. O-O Bg7 5. c3 Nf6 6. Re1 O-O 7. h3 e5 8. d4 cxd4 9. cxd4 exd4 10. Nxd4 Nxd4 11. Qxd4 d5 12. e5 Ne4 13. Nc3 a6 14. Ba4 Nxc3 15. bxc3 Be6 16. Ba3 Rc8 17. Bxf8 Bxf8 18. Bb3 Bc5 19. Qd2 Qh4 20. Rad1 Bxh3 21. gxh3 Qg3+ 22. Kf1 Qxh3+ 23. Ke2 Qh5+ 24. f3 Qxe5+ 25. Kf1 Qh5 26. Qxd5 Qh1+ 27. Ke2 Qh2+ 28. Kd3 Rc7 29. Re8+ Kg7 30. Qe5+ Qxe5 31. Rxe5 Bd6 32. Rd5 Bf4 33. Kc2 1-0


[Site "https://www.chess.com"]

[Event "Titled Tuesday Blitz August 1 Early 2023"]
[White "Miguelitro69"]
[Black "Lehtosaari, Mauri"]
[BlackFideId "501999"]
[WhiteElo "2289"]
[BlackElo "2492"]
[Result "1/2-1/2"]
[Round "5"]
[TimeControl "180+1"]
[Date "2023.08.01"]
[WhiteClock "0:00:15"]
[BlackClock "0:00:04"]
[Board "193"]

1. e4 c5 2. Nf3 e6 3. g3 Nc6 4. Bg2 Nf6 5. Qe2 Be7 6. O-O d5 7. d3 O-O 8. Re1 Re8 9. e5 Nd7 10. c4 Nb6 11. h4 dxc4 12. dxc4 Nd4 13. Nxd4 Qxd4 14. Na3 Qd8 15. Bf4 a6 16. Rad1 Qc7 17. Nb1 Bd7 18. Nc3 Bc6 19. Ne4 Bxe4 20. Bxe4 Rad8 21. b3 Nc8 22. Qg4 Bf8 23. h5 Ne7 24. h6 g6 25. Bd3 Rd4 26. Qf3 Red8 27. Bg5 R8d7 28. Bc1 Qc6 29. Qxc6 Nxc6 30. Bc2 Nb4 31. Rxd4 cxd4 32. Be4 Nc6 33. Bxc6 bxc6 34. Bd2 c5 35. g4 Be7 36. g5 Kf8 37. f4 Ke8 38. Kf2 Kd8 39. Kf3 Kc7 40. Ke4 Kc6 41. Rb1 Rb7 42. Be1 Bd8 43. Bd2 a5 44. Kd3 a4 45. Rb2 axb3 46. axb3 Ra7 47. Kc2 Ra1 48. Rb1 d3+ 49. Kb2 Ra6 50. Ra1 Kb7 51. Rxa6 Kxa6 52. Kc3 Bc7 53. Kxd3 Kb7 54. Kc3 Kc6 55. b4 cxb4+ 56. Kxb4 Bb6 57. Kc3 Bc5 58. Kd3 Bg1 59. Be3 Bh2 60. Ke4 Bg3 61. Bd2 Bf2 62. Be3 Be1 63. Kd4 Bb4 64. Kd3 Ba3 65. Kc3 Be7 66. Kb3 Bd8 67. Ka4 Bc7 68. Kb4 Bd8 69. c5 Bc7 70. Kc4 Ba5 71. Bc1 Be1 72. Kd4 Ba5 73. Kc4 Be1 74. Kd4 Bf2+ 75. Kc4 Bxc5 76. Bd2 Bb6 77. Bc1 Bc7 78. Be3 Bb6 79. Bd2 Bf2 80. Bc1 Kb6 81. Bd2 Kc6 82. Bc1 Bg3 83. Bd2 Bh4 84. Kd4 Bf2+ 85. Kc4 Kb6 86. Bc1 Kc6 87. Bd2 Bc5 88. Bc1 Bb6 89. Bd2 Bc7 90. Bc1 Bb8 91. Bd2 Ba7 92. Bc1 Bb6 93. Bd2 1/2-1/2


[Site "https://www.chess.com"]

[Event "Titled Tuesday Blitz August 1 Early 2023"]
[White "EdmundPlayer"]
[Black "Girya, Olga"]
[BlackFideId "4195752"]
[WhiteElo "2272"]
[BlackElo "2486"]
[Result "0-1"]
[Round "5"]
[TimeControl "180+1"]
[Date "2023.08.01"]
[WhiteClock "0:00:00"]
[BlackClock "0:00:04"]
[Board "194"]

1. e4 e5 2. Nf3 Nc6 3. Bb5 a6 4. Ba4 Nf6 5. O-O Nxe4 6. d4 b5 7. Bb3 d5 8. dxe5 Be6 9. c3 Be7 10. Bc2 Bg4 11. Qd3 Nc5 12. Qe3 Bxf3 13. Qxf3 Nxe5 14. Qf5 Ng6 15. Nd2 Qd7 16. Qh5 Nf4 17. Qf3 Ng6 18. Nb3 Nxb3 19. axb3 O-O 20. b4 c6 21. Re1 Rfe8 22. Be3 Bf6 23. Bc5 Ne5 24. Qh5 g6 25. Qh6 Bg7 26. Qg5 Nc4 27. b3 Bxc3 28. bxc4 Rxe1+ 29. Rxe1 Bxe1 30. Bd4 Bc3 31. Bxc3 d4 32. Bd2 bxc4 33. Bf4 Re8 34. h3 Qe6 35. Bd1 d3 36. Kh2 c3 37. Bb3 Qxb3 38. Be5 Qe6 39. Bxc3 Qd6+ 40. g3 h5 41. Qh6 f6 42. Qxg6+ Kf8 43. Bxf6 Qd7 44. Qh6+ Kf7 45. Qh7+ Ke6 46. Bg5 Qxh7 0-1


[Site "https://www.chess.com"]

[Event "Titled Tuesday Blitz August 1 Early 2023"]
[White "Warchol, Kamil"]
[Black "Tokman, Ariel"]
[WhiteFideId "21858241"]
[BlackFideId "117420"]
[WhiteElo "2269"]
[BlackElo "2485"]
[Result "0-1"]
[Round "5"]
[TimeControl "180+1"]
[Date "2023.08.01"]
[WhiteClock "0:00:11"]
[BlackClock "0:00:12"]
[Board "195"]

1. e4 Nf6 2. e5 Nd5 3. d4 d6 4. Nf3 Bg4 5. Be2 e6 6. O-O Be7 7. h3 Bxf3 8. Bxf3 dxe5 9. c4 Nb6 10. Bxb7 exd4 11. Bxa8 Nxa8 12. Qa4+ Nd7 13. Qxa7 Nab6 14. b3 O-O 15. Bb2 e5 16. Qb7 Nc5 17. Qc6 f5 18. Nd2 Rf6 19. Qf3 e4 20. Qd1 Nd3 21. Rb1 Rg6 22. Kh1 c5 23. a4 Bd6 24. a5 Qh4 25. axb6 Rxg2 26. Kxg2 Nf4+ 27. Kg1 Nxh3+ 28. Kg2 Nf4+ 29. Kg1 Qg5+ 0-1


[Site "https://www.chess.com"]

[Event "Titled Tuesday Blitz August 1 Early 2023"]
[White "Martin, Lewis"]
[Black "Grossboss19"]
[WhiteFideId "410551"]
[WhiteElo "2266"]
[BlackElo "2483"]
[Result "1-0"]
[Round "5"]
[TimeControl "180+1"]
[Date "2023.08.01"]
[WhiteClock "0:00:21"]
[BlackClock "0:00:15"]
[Board "196"]

1. e4 e6 2. d4 d5 3. Nd2 c5 4. exd5 Qxd5 5. dxc5 Bxc5 6. Ngf3 Nc6 7. Bc4 Qd8 8. O-O Nf6 9. Nb3 Qxd1 10. Rxd1 Bb6 11. Be3 Bxe3 12. fxe3 O-O 13. Kf1 b6 14. Ke2 Bb7 15. c3 Rac8 16. Bd3 e5 17. Bf5 Rc7 18. h3 g6 19. Bc2 Ne8 20. a4 a5 21. Rd2 f5 22. Ng5 Ng7 23. Rad1 h6 24. Nf3 Ba6+ 25. Kf2 Rf6 26. Rd6 Ne8 27. Rxf6 Nxf6 28. Rd6 Kf7 29. Rxc6 Rxc6 30. Nxe5+ Ke6 31. Nxc6 Kd5 32. Ne7+ Kc4 33. Nxg6 Ne4+ 34. Bxe4 fxe4 35. Nc1 Bb7 36. Kg3 Bc6 37. Kf4 Bxa4 38. Ne5+ Kd5 39. c4+ Kc5 40. b3 Be8 41. Kxe4 Kb4 42. Kd4 Ka3 43. Kc3 h5 44. Nf3 Bc6 45. Nd4 Be4 46. g4 h4 47. g5 a4 48. b4 b5 49. c5 Bc6 50. g6 Be4 51. Nxb5# 1-0


[Site "https://www.chess.com"]

[Event "Titled Tuesday Blitz August 1 Early 2023"]
[White "Joshi, Pankaj"]
[Black "Devaev, Alexander"]
[WhiteFideId "5006210"]
[BlackFideId "4169395"]
[WhiteElo "2261"]
[BlackElo "2444"]
[Result "1-0"]
[Round "5"]
[TimeControl "180+1"]
[Date "2023.08.01"]
[WhiteClock "0:00:05"]
[BlackClock "0:00:00"]
[Board "197"]

1. e4 c6 2. d4 d5 3. exd5 cxd5 4. Bd3 Nc6 5. c3 g6 6. Bf4 Bf5 7. Be2 Nf6 8. Nf3 e6 9. O-O Bd6 10. Ne5 Qc7 11. Bg5 Ne4 12. Nxc6 Nxg5 13. Ne5 Bxe5 14. dxe5 Bxb1 15. Rxb1 Qxe5 16. Bb5+ Kf8 17. f4 Qe3+ 18. Kh1 Ne4 19. Qc2 Nd6 20. Rbe1 Qc5 21. Bd3 h5 22. Bxg6 h4 23. f5 e5 24. Rxe5 Nc4 25. Ree1 h3 26. g3 Rd8 27. Qe2 d4 28. Bxf7 d3 29. Qe6 d2 30. Bg6 Qc6+ 31. Qxc6 bxc6 32. Rd1 Ne3 33. Kg1 Nxf1 34. Kxf1 Ke7 35. Ke2 Kf6 36. Rxd2 Rxd2+ 37. Kxd2 Rd8+ 38. Ke2 c5 39. c4 Rd4 40. b3 a5 41. Ke3 a4 42. g4 a3 43. Bh5 Rd1 44. g5+ Kxg5 45. Bxd1 Kxf5 46. Bc2+ Ke5 47. Be4 1-0


[Site "https://www.chess.com"]

[Event "Titled Tuesday Blitz August 1 Early 2023"]
[White "Willy, Stephen"]
[Black "Thiel, Thomas"]
[WhiteFideId "30981468"]
[BlackFideId "4615964"]
[WhiteElo "2440"]
[BlackElo "2258"]
[Result "1-0"]
[Round "5"]
[TimeControl "180+1"]
[Date "2023.08.01"]
[WhiteClock "0:00:03"]
[BlackClock "0:00:00"]
[Board "198"]

1. e4 d5 2. exd5 Nf6 3. d4 Nxd5 4. c4 Nb6 5. Nc3 e5 6. d5 Bb4 7. Bd3 c6 8. Bd2 cxd5 9. cxd5 O-O 10. Nge2 f5 11. Qb3 Bxc3 12. Nxc3 e4 13. Be2 N8d7 14. Be3 Qe7 15. a4 Nc5 16. Qa3 Nbd7 17. O-O f4 18. Bd4 f3 19. Bc4 Qg5 20. g3 b6 21. b4 Qh5 22. Rfd1 Nd3 23. Rxd3 Qh3 24. d6+ Kh8 25. Rxf3 exf3 26. Bf1 Qg4 27. Rd1 Bb7 28. Qb2 Rad8 29. Nb5 Nf6 30. h3 Qg6 31. Be5 Nd7 32. Bd4 Nf6 33. Bd3 Be4 34. Bf1 Nh5 35. Be5 Nf4 36. Qd4 Ne2+ 37. Bxe2 fxe2 38. Re1 Bf3 39. Nc3 Qf7 40. Nxe2 Qd7 41. Nf4 1-0


[Site "https://www.chess.com"]

[Event "Titled Tuesday Blitz August 1 Early 2023"]
[White "Vaglio Munoz, Jaime"]
[Black "Avazkhonov, Alikhon"]
[WhiteFideId "6500145"]
[BlackFideId "14208504"]
[WhiteElo "2258"]
[BlackElo "2431"]
[Result "0-1"]
[Round "5"]
[TimeControl "180+1"]
[Date "2023.08.01"]
[WhiteClock "0:00:06"]
[BlackClock "0:00:05"]
[Board "199"]

1. Nf3 d5 2. c4 c6 3. b3 Nf6 4. Bb2 e6 5. g3 Be7 6. Bg2 O-O 7. O-O Nbd7 8. d3 Re8 9. Re1 Bb4 10. Nbd2 e5 11. a3 Bf8 12. e4 dxe4 13. dxe4 Qc7 14. b4 a5 15. Qb3 b5 16. cxb5 cxb5 17. Rac1 Qb6 18. Bf1 axb4 19. axb4 Bb7 20. Bh3 Ra4 21. Bc3 h5 22. Qb2 Ng4 23. Bxg4 hxg4 24. Nxe5 Nxe5 25. Bxe5 Rxb4 26. Qa1 Ra8 27. Qc3 f6 28. Bf4 Qe6 29. Qc7 Ba6 30. Rc6 Qe8 31. Qb6 Rb2 32. Nf1 b4 33. Ne3 b3 34. Rc3 Bc8 35. Rxb3 Rba2 36. Qb5 Qxe4 37. Nc2 Qxc2 38. Qd5+ Be6 39. Qd2 Qxb3 40. Qc1 Qd5 41. Be3 Qf3 42. h4 Bd5 43. Kf1 Qh1# 0-1


[Site "https://www.chess.com"]

[Event "Titled Tuesday Blitz August 1 Early 2023"]
[White "Samaganova, Aleksandra"]
[Black "Nareks, Matic"]
[WhiteFideId "13800221"]
[BlackFideId "14629526"]
[WhiteElo "2253"]
[BlackElo "2430"]
[Result "0-1"]
[Round "5"]
[TimeControl "180+1"]
[Date "2023.08.01"]
[WhiteClock "0:00:02"]
[BlackClock "0:00:50"]
[Board "200"]

1. c4 d6 2. Nc3 g6 3. g3 Bg7 4. Bg2 e5 5. e3 Nc6 6. Nge2 f5 7. O-O Nf6 8. d4 O-O 9. Rb1 e4 10. b4 a5 11. b5 Ne7 12. a4 Kh8 13. Ba3 Be6 14. d5 Bf7 15. Qd2 g5 16. Rfd1 Ng6 17. c5 Ne5 18. cxd6 cxd6 19. Nd4 Qd7 20. Bh3 g4 21. Bf1 Nxd5 22. Nxd5 Bxd5 23. Be2 Bc4 24. Kh1 Bxe2 25. Nxe2 Nc4 26. Qa2 Rac8 27. Nf4 Be5 28. Nd5 Qf7 29. Bc1 Rc5 30. Nf4 Rfc8 31. Bd2 Kg8 32. Be1 b6 33. Qe2 h5 34. Kg2 h4 35. gxh4 Qf6 36. Kg3 Kf7 37. Qc2 Nxe3 38. Qa2+ Nc4 39. h5 Bxf4+ 40. Kxf4 Qe5+ 41. Kg5 f4+ 42. Kh4 Qxh5# 0-1


[Site "https://www.chess.com"]

[Event "Titled Tuesday Blitz August 1 Early 2023"]
[White "Tqebuchava, Zurab"]
[Black "Ionescu, Mihai"]
[WhiteFideId "13601113"]
[BlackFideId "1202499"]
[WhiteElo "2250"]
[BlackElo "2414"]
[Result "1-0"]
[Round "5"]
[TimeControl "180+1"]
[Date "2023.08.01"]
[WhiteClock "0:00:37"]
[BlackClock "0:01:20"]
[Board "201"]

1. e4 c5 2. Nf3 d6 3. Bb5+ Bd7 4. Bxd7+ Qxd7 5. c4 Nf6 6. Nc3 g6 7. O-O Bg7 8. d4 cxd4 9. Nxd4 O-O 10. h3 Rc8 11. b3 d5 12. exd5 Nxd5 13. Nxd5 e6 14. Be3 exd5 15. cxd5 Qxd5 16. Rc1 Rxc1 17. Qxc1 Bxd4 18. Qc8+ Kg7 19. Rd1 Qc6 20. Bxd4+ f6 21. Qd8 b6 22. Bb2 Na6 23. Rd7+ Kh6 24. Qe7 1-0


[Site "https://www.chess.com"]

[Event "Titled Tuesday Blitz August 1 Early 2023"]
[White "Daniel_Salinas"]
[Black "KorolDimitriy75"]
[WhiteElo "2245"]
[BlackElo "2413"]
[Result "1-0"]
[Round "5"]
[TimeControl "180+1"]
[Date "2023.08.01"]
[WhiteClock "0:00:15"]
[BlackClock "0:00:05"]
[Board "202"]

1. d4 Nf6 2. c4 c5 3. d5 b5 4. cxb5 a6 5. e3 axb5 6. Bxb5 Qa5+ 7. Nc3 Bb7 8. Bd2 Qb6 9. a4 Nxd5 10. Nxd5 Bxd5 11. Nf3 e6 12. O-O Be7 13. Qe2 O-O 14. a5 Qa7 15. Bc3 Bc6 16. Bd3 d5 17. Ne5 Be8 18. Qh5 f5 19. Qf3 Nc6 20. Nxc6 Bxc6 21. Qg3 Bf6 22. Qd6 Bd7 23. Bxf6 Rxf6 24. b4 c4 25. Bc2 Rb8 26. Rfb1 Bb5 27. Ba4 Qb7 28. Bxb5 Qxb5 29. a6 e5 30. Qxe5 Re8 31. Qd4 Rxa6 32. Rxa6 Qxa6 33. Qxd5+ Kh8 34. h4 h6 35. b5 Qa2 36. Rc1 Rb8 37. Rxc4 Qb1+ 38. Kh2 Qxb5 39. Rc8+ Kh7 40. Qg8+ Kg6 41. Rxb8 Qe5+ 42. g3 Qe4 43. Rb6+ Kh5 44. Qf7+ Kg4 45. Qg6+ Kf3 46. Qc6 Kxf2 47. Qxe4 fxe4 48. Rg6 Kxe3 49. Rxg7 Kf2 50. Rg6 e3 51. Rxh6 e2 52. Re6 e1=Q 53. Rxe1 Kxe1 54. h5 Kf2 55. h6 1-0


[Site "https://www.chess.com"]

[Event "Titled Tuesday Blitz August 1 Early 2023"]
[White "Tsyhanchuk, Stanislav"]
[Black "Sankalan Shah"]
[WhiteFideId "13505130"]
[BlackFideId "25600362"]
[WhiteElo "2409"]
[BlackElo "2242"]
[Result "1-0"]
[Round "5"]
[TimeControl "180+1"]
[Date "2023.08.01"]
[WhiteClock "0:00:20"]
[BlackClock "0:00:02"]
[Board "203"]

1. c4 Nf6 2. Nc3 e6 3. d4 d5 4. cxd5 exd5 5. Bg5 c6 6. e3 Be7 7. Nf3 Nbd7 8. Bd3 h6 9. Bf4 O-O 10. h3 Re8 11. O-O c5 12. dxc5 Nxc5 13. Bc2 Bf8 14. Be5 Be6 15. Bxf6 Qxf6 16. Nxd5 Bxd5 17. Qxd5 Qxb2 18. Nd4 Rad8 19. Qf5 g6 20. Qg4 Ne6 21. Bxg6 Nxd4 22. Bd3+ Bg7 23. exd4 Rxd4 24. Qf5 Red8 25. Rab1 Qxa2 26. Bc2 Qe6 27. Qh7+ Kf8 28. Rxb7 R4d7 29. Rb3 Qf6 30. Rf3 Qe5 31. Bb3 a5 32. Qg6 Qe7 33. Rxf7+ Qxf7 34. Bxf7 Rxf7 35. Rb1 a4 36. Qb6 Rfd7 37. Qb4+ Kg8 38. Qxa4 Rd1+ 39. Rxd1 Rxd1+ 40. Qxd1 1-0


[Site "https://www.chess.com"]

[Event "Titled Tuesday Blitz August 1 Early 2023"]
[White "Vafin, Ayrat"]
[Black "FuenfgegenWilly"]
[WhiteFideId "4146530"]
[WhiteElo "2228"]
[BlackElo "2407"]
[Result "0-1"]
[Round "5"]
[TimeControl "180+1"]
[Date "2023.08.01"]
[WhiteClock "0:00:01"]
[BlackClock "0:01:21"]
[Board "204"]

1. Nf3 f5 2. g3 Nf6 3. Bg2 g6 4. O-O Bg7 5. d4 O-O 6. c4 d6 7. Nc3 Qe8 8. Re1 Qf7 9. b3 h6 10. e4 Nxe4 11. Nxe4 fxe4 12. Rxe4 Bf5 13. Re3 Nc6 14. Bb2 Rae8 15. Qd2 e5 16. dxe5 dxe5 17. Nh4 Be6 18. Rf3 Rd8 19. Qc2 Bf5 20. Nxf5 gxf5 21. Bh3 Ne7 22. Rd3 e4 23. Rxd8 Rxd8 24. Bxg7 Qxg7 25. Rd1 Rd4 26. Rxd4 Qxd4 27. Qe2 Kg7 28. Bf1 Ng6 29. b4 Ne5 30. c5 Qxb4 31. Qh5 Qxc5 32. Kg2 Ng4 33. Kh3 Qxf2 34. Bg2 Nf6 35. Qh4 Qe3 36. Bf1 c5 37. Kg2 Qd2+ 38. Kh1 Qc1 39. Kg1 Qe3+ 40. Kg2 Qg5 41. Qh3 Ng4 42. Bc4 Qd2+ 43. Kf1 Qf2# 0-1


[Site "https://www.chess.com"]

[Event "Titled Tuesday Blitz August 1 Early 2023"]
[White "Liu, Leonardo"]
[Black "Federzoni, Enzo"]
[WhiteFideId "30965780"]
[BlackFideId "2173301"]
[WhiteElo "2224"]
[BlackElo "2407"]
[Result "0-1"]
[Round "5"]
[TimeControl "180+1"]
[Date "2023.08.01"]
[WhiteClock "0:00:09"]
[BlackClock "0:00:16"]
[Board "205"]

1. e4 e5 2. Nf3 Nc6 3. Bc4 Nf6 4. d3 Be7 5. Nbd2 O-O 6. Nf1 d6 7. Ng3 Na5 8. Bb3 Nxb3 9. axb3 Re8 10. O-O Bf8 11. h3 d5 12. Qe2 d4 13. Re1 g6 14. c3 dxc3 15. bxc3 Be6 16. b4 Bd7 17. d4 exd4 18. Nxd4 c5 19. bxc5 Bxc5 20. e5 Nd5 21. Qc4 Bxd4 22. cxd4 Bc6 23. Ne4 Rc8 24. Bg5 Qd7 25. Rxa7 Qf5 26. Qc1 Bb5 27. Qd2 Ra8 28. Rxb7 Bc6 29. Nd6 Qe6 30. Rxf7 Rf8 31. Rxf8+ Rxf8 32. Bh6 Rd8 33. Qg5 Rxd6 34. exd6 Qxe1+ 35. Kh2 Qe6 36. Qd8+ Be8 37. Bg5 Kf7 38. h4 Nf6 39. Qc7+ Nd7 40. Bf4 Qf5 41. Bg3 Qf6 42. Qc4+ Qe6 43. d5 Qf6 44. Qe4 Kf8 45. Qc4 Bf7 46. Qc8+ Be8 47. Qc4 Qf5 48. Qc8 Nf6 49. Qc5 Ng4+ 50. Kg1 Qb1+ 51. Qc1 Qxc1# 0-1


[Site "https://www.chess.com"]

[Event "Titled Tuesday Blitz August 1 Early 2023"]
[White "Krzywda, Andrzej"]
[Black "campochess"]
[WhiteFideId "1114565"]
[WhiteElo "2405"]
[BlackElo "2217"]
[Result "1/2-1/2"]
[Round "5"]
[TimeControl "180+1"]
[Date "2023.08.01"]
[WhiteClock "0:00:06"]
[BlackClock "0:00:08"]
[Board "206"]

1. d4 c5 2. d5 Nf6 3. Nc3 g6 4. e4 d6 5. Bb5+ Nbd7 6. a4 a6 7. Bd3 Bg7 8. Nf3 Ng4 9. O-O O-O 10. h3 Nge5 11. Be2 Nxf3+ 12. Bxf3 Ne5 13. Be2 f5 14. f4 Nf7 15. Bf3 Rb8 16. exf5 Bxf5 17. g4 Bd7 18. a5 b5 19. axb6 Qxb6 20. Kg2 Nh8 21. Re1 Rf7 22. Ne4 h6 23. Ng3 a5 24. Ra2 a4 25. Qd3 Qb5 26. Qe4 Qb4 27. c3 Qxe4 28. Bxe4 Bb5 29. f5 gxf5 30. Nxf5 Bf8 31. h4 Bd7 32. h5 Rf6 33. Bc2 Nf7 34. Bxa4 Bxf5 35. gxf5 Rxf5 36. Bc2 Rxh5 37. Ra7 Ne5 38. Kg3 Nc4 39. b3 Nb6 40. c4 Nc8 41. Rc7 Bg7 42. Kg4 Rh2 43. Bf5 Nb6 44. Be6+ Kh8 45. Rxe7 Rf8 46. Rf7 Rxf7 47. Bxf7 Nd7 48. Be6 Ne5+ 49. Kg3 Rc2 50. Bf4 Rc3+ 51. Kh4 Nf3+ 52. Kh5 Nxe1 53. Bxd6 Rxb3 54. Bxc5 Nd3 55. Be7 Rb2 56. d6 Rh2+ 57. Kg4 Ne5+ 58. Kf5 Rg2 59. c5 Rg5+ 60. Ke4 Nc6 61. Bxg5 hxg5 62. Kd5 Nb4+ 63. Kc4 Nc6 64. Bd5 Nd8 65. c6 Nxc6 66. Bxc6 Be5 67. d7 Bc7 68. Kd5 Kg7 69. Ke6 g4 70. Ke7 g3 71. d8=Q Bxd8+ 72. Kxd8 Kf6 73. Kc7 Ke5 74. Kb6 Kf4 75. Kc5 Ke3 76. Kc4 Kf2 77. Kd3 g2 78. Bxg2 1/2-1/2


[Site "https://www.chess.com"]

[Event "Titled Tuesday Blitz August 1 Early 2023"]
[White "Tagliata"]
[Black "Pershina, Elena"]
[BlackFideId "24147516"]
[WhiteElo "2213"]
[BlackElo "2398"]
[Result "0-1"]
[Round "5"]
[TimeControl "180+1"]
[Date "2023.08.01"]
[WhiteClock "0:00:07"]
[BlackClock "0:00:04"]
[Board "207"]

1. e4 c5 2. Nf3 Nc6 3. Bb5 g6 4. O-O Bg7 5. Nc3 Nd4 6. Nxd4 cxd4 7. Ne2 e6 8. c3 Qb6 9. Bc4 Ne7 10. Nxd4 Bxd4 11. cxd4 Qxd4 12. d3 O-O 13. Bh6 Rd8 14. Bg5 f6 15. Be3 Qxb2 16. Rb1 Qa3 17. Qf3 Kf7 18. Bd4 Ng8 19. g4 Qe7 20. h4 d6 21. g5 Kg7 22. gxf6+ Nxf6 23. e5 dxe5 24. Bxe5 Rf8 25. Qe3 Kg8 26. Qh6 Qg7 27. Qg5 h6 28. Qg3 Kh7 29. Rfe1 Qf7 30. d4 Nh5 31. Qg4 Qxf2+ 32. Kh1 Qf3+ 33. Qxf3 Rxf3 34. Rf1 Rf5 35. Rxf5 gxf5 36. Rg1 Bd7 37. d5 exd5 38. Bxd5 Bc6 39. Bxc6 bxc6 40. Rc1 Rc8 41. Rb1 c5 42. Kg2 Kg6 43. Kf3 Nf6 44. Rb7 Nd5 45. Rxa7 c4 46. Ra6+ Kh5 47. Bg7 Kxh4 48. Rxh6+ Kg5 49. Rh1 c3 50. Rc1 c2 51. Bb2 Nb4 52. Ke2 Nxa2 53. Ra1 c1=Q 54. Bxc1+ Nxc1+ 55. Kf3 Nb3 56. Rg1+ Kf6 57. Rb1 Nd4+ 58. Ke3 Ne6 59. Rb6 Rc4 60. Kf3 Ra4 61. Rb3 Ke5 62. Rb5+ Kf6 63. Kg3 f4+ 64. Kf2 Ng5 65. Rb6+ Kf5 66. Rb8 Kg4 67. Rg8 Ra2+ 68. Kf1 Kf3 69. Rxg5 Ra1# 0-1


[Site "https://www.chess.com"]

[Event "Titled Tuesday Blitz August 1 Early 2023"]
[White "Dishman, Stephen"]
[Black "Hrescak, Ivana"]
[WhiteFideId "403024"]
[BlackFideId "14613441"]
[WhiteElo "2398"]
[BlackElo "2211"]
[Result "1-0"]
[Round "5"]
[TimeControl "180+1"]
[Date "2023.08.01"]
[WhiteClock "0:00:19"]
[BlackClock "0:00:00"]
[Board "208"]

1. c4 e5 2. g3 Nf6 3. Bg2 c6 4. Nf3 e4 5. Nd4 d5 6. d3 exd3 7. Qxd3 Be7 8. O-O O-O 9. cxd5 cxd5 10. Nc3 Nc6 11. Bg5 Be6 12. Rad1 Qb6 13. Nxe6 fxe6 14. Bh3 Nb4 15. Qb5 Qd6 16. Qxb7 Rfb8 17. Ne4 Rxb7 18. Nxd6 Bxd6 19. Bxe6+ Kf8 20. Bxf6 gxf6 21. a3 Re7 22. Bxd5 Nxd5 23. Rxd5 Be5 24. b4 Bb2 25. e3 Bxa3 26. b5 Rb7 27. Ra1 Be7 28. Ra6 Rab8 29. Kg2 Kf7 30. g4 Bd8 31. h4 Bb6 32. f4 Bxe3 33. Kf3 Bb6 34. g5 fxg5 35. hxg5 Rc8 36. Kg4 Rc1 37. Ra2 Rc5 38. Rd3 Rxb5 39. Rh2 Kg7 40. Rdh3 Kg8 41. g6 h5+ 42. Rxh5 Rxh5 43. Rxh5 Rg7 44. f5 Bd8 45. Rh3 Bf6 46. Rb3 Rc7 47. Rb8+ Kg7 48. Rb4 a5 49. Ra4 Ra7 50. Kf3 Bc3 51. Ke4 Bb4 52. Ra2 Kf6 53. Rh2 Re7+ 54. Kf3 Kxf5 55. Rh7 1-0


[Site "https://www.chess.com"]

[Event "Titled Tuesday Blitz August 1 Early 2023"]
[White "Ladan, Nicholas"]
[Black "Ramu, K."]
[WhiteFideId "30918855"]
[BlackFideId "5006171"]
[WhiteElo "2397"]
[BlackElo "2203"]
[Result "1-0"]
[Round "5"]
[TimeControl "180+1"]
[Date "2023.08.01"]
[WhiteClock "0:00:53"]
[BlackClock "0:01:00"]
[Board "209"]

1. d4 Nf6 2. Nc3 d5 3. Bf4 g6 4. e3 Bg7 5. h4 h5 6. Nf3 a6 7. Bd3 O-O 8. Qd2 Nc6 9. a3 b5 10. Ng5 Na5 11. f3 Nb7 12. Be5 c5 13. O-O-O c4 14. Be2 Qd7 15. g4 a5 16. gxh5 b4 17. Nb1 c3 18. bxc3 bxa3 19. Nxa3 Qa4 20. Kb2 Rb8 21. Bxb8 Nxh5 22. Bb5 1-0


[Site "https://www.chess.com"]

[Event "Titled Tuesday Blitz August 1 Early 2023"]
[White "Diaz Herquinio, Brahian"]
[Black "BeautiFullMindChess"]
[WhiteFideId "3809480"]
[WhiteElo "2395"]
[BlackElo "2173"]
[Result "1-0"]
[Round "5"]
[TimeControl "180+1"]
[Date "2023.08.01"]
[WhiteClock "0:01:11"]
[BlackClock "0:00:14"]
[Board "210"]

1. e4 c5 2. Nf3 d6 3. d4 cxd4 4. Nxd4 Nf6 5. Nc3 g6 6. f3 Bg7 7. Be3 O-O 8. Qd2 Nc6 9. O-O-O Nxd4 10. Bxd4 Be6 11. Kb1 Qa5 12. Nd5 Qd8 13. Nxf6+ exf6 14. Bc3 f5 15. Bxg7 Kxg7 16. exf5 Bxf5 17. Qxd6 Qa5 18. Qd4+ Kg8 19. Bd3 Rfd8 20. Qc3 Qxc3 21. bxc3 Be6 22. Be4 Rac8 23. Kb2 Rxd1 24. Rxd1 Rc5 25. a4 b5 26. a5 h5 27. a6 h4 28. Rd8+ Kg7 29. Ra8 Rc7 30. Bb7 Bf5 31. Rxa7 b4 32. cxb4 Rxc2+ 33. Kb3 Rxg2 34. Bd5 Rxh2 35. Rxf7+ Kh6 36. Rxf5 gxf5 37. a7 1-0


[Site "https://www.chess.com"]

[Event "Titled Tuesday Blitz August 1 Early 2023"]
[White "Namitbir Singh Walia"]
[Black "Butti, Enrique"]
[WhiteFideId "35071068"]
[BlackFideId "3700470"]
[WhiteElo "2389"]
[BlackElo "2173"]
[Result "1-0"]
[Round "5"]
[TimeControl "180+1"]
[Date "2023.08.01"]
[WhiteClock "0:00:38"]
[BlackClock "0:01:16"]
[Board "211"]

1. e4 c5 2. Nf3 d6 3. d4 cxd4 4. Nxd4 Nf6 5. f3 a6 6. c4 e6 7. Nc3 b6 8. Be3 Bb7 9. Be2 Nbd7 10. O-O Be7 11. Rc1 O-O 12. Qd2 Rc8 13. Rfd1 Re8 14. Kh1 Qc7 15. Qe1 Qb8 16. a3 Bd8 17. b4 Bc7 18. Qh4 d5 19. cxd5 exd5 20. Nf5 Be5 21. Nxd5 Nxd5 22. exd5 Rxc1 23. Rxc1 Bxd5 24. Ne7+ Rxe7 25. Qxe7 Nf6 26. Bxa6 Bd6 27. Qxd6 Qxd6 28. Rc8+ Qf8 29. Bxb6 Ne8 30. Bc5 1-0


[Site "https://www.chess.com"]

[Event "Titled Tuesday Blitz August 1 Early 2023"]
[White "LionKing2367890"]
[Black "Gombocz, Ferenc Jr."]
[BlackFideId "775029"]
[WhiteElo "2170"]
[BlackElo "2387"]
[Result "0-1"]
[Round "5"]
[TimeControl "180+1"]
[Date "2023.08.01"]
[WhiteClock "0:01:30"]
[BlackClock "0:01:18"]
[Board "212"]

1. e4 e5 2. Nf3 Nc6 3. Bc4 Nf6 4. d3 Be7 5. Nc3 O-O 6. O-O d6 7. h3 Na5 8. Bb3 Nxb3 9. axb3 Be6 10. Nh2 d5 11. exd5 Nxd5 12. Nxd5 Bxd5 13. f4 Bc5+ 14. Kh1 Qh4 15. Qg4 Qxg4 16. Nxg4 exf4 17. Bxf4 Bb6 18. Rae1 Rfe8 19. Be5 h5 20. Nh2 Ba5 21. Bc3 Bxc3 22. bxc3 Kf8 23. Kg1 Rxe1 24. Rxe1 Re8 25. Rxe8+ Kxe8 26. Kf2 Ke7 27. Nf1 Be6 28. Ng3 g6 29. Ne4 b5 30. c4 c6 31. Nc5 Kd6 32. Nxe6 fxe6 33. cxb5 cxb5 34. Ke3 a5 35. Kd4 e5+ 36. Ke4 a4 0-1


[Site "https://www.chess.com"]

[Event "Titled Tuesday Blitz August 1 Early 2023"]
[White "Mika, Tomasz"]
[Black "Mirzanurov, Bulat"]
[WhiteFideId "1132970"]
[BlackFideId "4184521"]
[WhiteElo "2386"]
[BlackElo "2168"]
[Result "1-0"]
[Round "5"]
[TimeControl "180+1"]
[Date "2023.08.01"]
[WhiteClock "0:00:16"]
[BlackClock "0:00:16"]
[Board "213"]

1. e4 c5 2. Nf3 d6 3. d4 cxd4 4. Nxd4 Nf6 5. Nc3 a6 6. Bg5 Nbd7 7. f4 Qa5 8. Qf3 h6 9. Bh4 e5 10. Nb3 Qc7 11. O-O-O Be7 12. f5 b5 13. a3 Bb7 14. g4 O-O-O 15. Bf2 Nc5 16. Nxc5 dxc5 17. Bg2 h5 18. h3 hxg4 19. hxg4 b4 20. axb4 cxb4 21. Nd5 Nxd5 22. exd5 Bg5+ 23. Kb1 Rhe8 24. Qe4 Be7 25. Rh3 Qa5 26. c4 bxc3 27. Rxc3+ Kb8 28. Rb3 Ka8 29. Rxb7 Kxb7 30. d6+ Kb8 31. Qb7# 1-0


[Site "https://www.chess.com"]